 Dungeon Crawl Stone Soup version 0.24-a0-250-g6074511092 (webtiles) character file.

Game seed: 12390590627641657251

4641 Redear the Grappler (level 10, 0/107 HPs)
             Began as a Troll Chaos Knight on Apr 15, 2019.
             Was a Plaything of Xom.
             Slain by a cyclops (28 damage)
             ... while paralysed by you
             ... on level 11 of the Dungeon.
             The game lasted 00:24:01 (2582 turns).

Redear the Grappler (Troll Chaos Knight)            Turns: 2582, Time: 00:24:02

Health: 0/107      AC:  5    Str: 22      XL:     10   Next: 20%
Magic:  10/10      EV:  1    Int:  7 (8)  God:    Xom [*.....]
Gold:   276        SH:  0    Dex: 16      Spells: 9/9 levels left

rFire    . . .     SeeInvis .     - Unarmed
rCold    . . .     Gourm    +   (no shield)
rNeg     . . .     Faith    .   (armour restricted)
rPois    .         Spirit   .   (helmet restricted)
rElec    .         Reflect  .   b - +0 cloak
rCorr    .         Harm     .   (gloves unavailable)
MR       .....     Rnd*Tele +   (boots unavailable)
Stlth    +.........             (no amulet)
HPRegen  0.67/turn              o - +4 ring of dexterity
MPRegen  0.12/turn              B - ring of teleportation (curse) {+/*tele}

@: paralysed
A: large, unfitting armour, claws 3, fangs 1, repulsion field 1, deterioration
1, fast metabolism 3, gourmand, high mp 1, regeneration 1, shaggy fur 1, tough
skin 3
a: Renounce Religion


You were on level 11 of the Dungeon.
You worshipped Xom.
You were a special plaything of Xom.
You were not hungry.

You visited 1 branch of the dungeon, and saw 11 of its levels.

You collected 276 gold pieces.

Inventory:

Missiles
 u - 66 arrows
 x - 4 tomahawks (quivered)
Armour
 a - a +2 robe
 b - a +0 cloak (worn)
 y - the +1 robe of Fun {Int+4 Stlth+}
   (Xom gifted it to you on level 5 of the Dungeon)

   It affects your intelligence (+4).
   It makes you more stealthy.
Jewellery
 o - a +4 ring of dexterity (left claw)
 B - a cursed ring of teleportation (right claw) {+/*tele}
Wands
 v - a wand of polymorph (3)
 O - a wand of clouds (5)
Scrolls
 c - 2 scrolls of fear
 d - a scroll of random uselessness {unknown}
 e - 2 scrolls of noise {unknown}
 f - a scroll of enchant armour {unknown}
 i - 2 scrolls of teleportation {unknown}
 j - a scroll of fog {unknown}
 k - a scroll of immolation {unknown}
 l - a scroll of amnesia {unknown}
 q - a scroll of blinking {unknown}
 r - 3 scrolls of magic mapping {unknown}
 t - 2 scrolls of remove curse {unknown}
Potions
 g - a potion of invisibility
 h - a potion of ambrosia
 m - a potion of lignification {unknown}
 n - 2 potions of might {Str+5 DMG+1d10 | @q3}
 p - a potion of degeneration {unknown}
 s - a potion of magic {unknown}
 w - a potion of flight {unknown}
 A - a potion of agility {Stlth+ Dex+5 EV+5 | @q4}
 Q - 3 potions of curing
Comestibles
 z - 11 rations


   Skills:
 + Level 9.3 Fighting
 - Level 1.9 Dodging
 + Level 10.9 Unarmed Combat


You had 9 spell levels left.
You didn't know any spells.
Your spell library contained the following spells:

 Spells                   Type           Power        Failure   Level  Hunger
 Poisonous Vapours        Pois/Air       #.....       56%         2    ###....
 Conjure Flame            Conj/Fire      #.......     80%         3    ####...
 Mephitic Cloud           Conj/Pois/Air  #.......     80%         3    ####...
 Freezing Cloud           Conj/Ice/Air   #.........   100%        6    #######
 Ring of Flames           Chrm/Fire      #.........   100%        7    #######


Dungeon Overview and Level Annotations

Branches:
Dungeon (11/15)            Temple (0/1) D:7
   Lair: D:8-11         Orc: D:9-12

Altars:
Cheibriados
Nemelex Xobeh
Ru
Sif Muna

Shops:
D:5 (


Innate Abilities, Weirdness & Mutations

You are too large for most types of armour.
You have claws for hands.
Your metabolism is lightning-fast.
You like to eat raw meat.
Your natural rate of healing is unusually fast.
You are covered in fur. (AC +1)
You have extremely tough skin. (AC +3)
You have very sharp teeth.
You are surrounded by a mild repulsion field. (EV +2)
Your body sometimes deteriorates upon taking damage.
You have an increased reservoir of magic. (+10% MP)


Message History

The yak gores you but does no damage.
You are engulfed in seething chaos.
You shrug off the repeated paralysis!
The yak gores you!
You are engulfed in seething chaos.
The bullfrog gives a loud, deep croak!
A centaur warrior comes into view.
The yak gores you!
Your body deteriorates!
You feel dopey.
A porcupine comes into view.
The yak gores you.
* * * LOW HITPOINT WARNING * * *
The yak gores you but does no damage. The bullfrog hits you.
* * * LOW HITPOINT WARNING * * *
The yak completely misses you. "This is how I like it!"
You swap places with the yak.
Some monsters swap places.
The bullfrog hits you.
* * * LOW HITPOINT WARNING * * *
The cyclops hits you!!
You die...
Xom snickers!

........#
.......
........#
........
#.......#
........
........#
Y.......
......##........
#...#...r.....
#..†.[..c.#
###†.#C...#
###P@F<.#.#.
#...Y.......
#.....#.##....
.......#..# %..
.#..### ... P
#.# ..<. #.
..... . ..###.
.. P.


You could see a centaur warrior, a cyclops, a yak, a bullfrog and a porcupine.

Vanquished Creatures
  A glowing orange brain (D:9)
  A centaur skeleton (D:11)
  A hippogriff (D:8)
  3 yaks (D:11)
  A hungry ghost (D:7)
  An acid dragon (D:9)
  An orc warrior (D:8)
  2 necrophages
  3 centaurs
  A bullfrog (D:6)
  3 wights (D:9)
  2 howler monkeys
  2 centaur zombies
  A bullfrog zombie (D:9)
  A quasit (D:9)
  3 crimson imps
  A hound (D:6)
  A jelly (D:8)
  5 orc priests
  2 iguanas
  9 orc wizards
  3 worker ants
  A hound skeleton (D:9)
  A howler monkey zombie (D:5)
  Robin (D:2)
  3 gnolls (D:6)
  10 adders
  2 shadow imps
  An ooze (D:3)
  2 adder zombies
  An adder skeleton (D:7)
  4 worms (D:2)
  4 dart slugs
  3 leopard geckos (D:1)
  8 orcs
  3 ball pythons
  2 giant cockroaches
  13 goblins
  6 hobgoblins
  3 jackals (D:1)
  5 kobolds
  A quokka (D:7)
  2 bats
  9 frilled lizards
  A quokka skeleton (D:6)
  7 rats
141 creatures vanquished.

Vanquished Creatures (collateral kills)
  2 hippogriffs (D:7)
  Eustachio (D:5)
  An ice beast (D:6)
  A phantom (D:6)
  2 black bears (D:7)
  2 centaurs (D:6)
  A crocodile (D:7)
  A bullfrog (D:6)
  A gnoll sergeant (D:6)
  A scorpion (D:7)
  A centaur zombie (D:7)
  A crimson imp (D:6)
  2 orc priests (D:7)
  2 orc wizards
  A centaur skeleton (D:6)
  Ijyb (D:5)
  An iguana (D:5)
  A worker ant (D:6)
  2 shadow imps (D:6)
  An adder zombie (D:7)
  A dart slug (D:2)
  A leopard gecko (D:6)
  7 orcs
  3 quokkas
  2 ball pythons
  A quokka zombie (D:6)
41 creatures vanquished.

Grand Total: 182 creatures vanquished

Notes
Turn   | Place    | Note
-------+----------+-------------------------------------------
     0 | D:1      | Redear the Troll Chaos Knight began the quest for the Orb.
     0 | D:1      | Reached XP level 1. HP: 22/22 MP: 0/0
    70 | D:1      | Reached XP level 2. HP: 24/29 MP: 1/1
   170 | D:1      | XOM: harmless Chrm miscast
   206 | D:1      | XOM: 1-stop teleportation journey
   295 | D:2      | Noticed Robin
   302 | D:2      | Reached skill level 3 in Fighting
   308 | D:2      | XOM: fake destruction
   313 | D:2      | Killed Robin
   313 | D:2      | Reached XP level 3. HP: 27/37 MP: 2/2
   420 | D:2      | XOM: enchant monster (good)
   422 | D:2      | XOM: divination: magic mapping
   425 | D:2      | Reached skill level 4 in Unarmed Combat
   425 | D:2      | Reached XP level 4. HP: 21/45 MP: 3/3
   434 | D:2      | XOM: summons friendly crimson imp
   505 | D:2      | Found a snail-covered altar of Cheibriados.
   607 | D:2      | XOM: polymorph crimson imp -> white imp
   646 | D:2      | Reached XP level 5. HP: 54/54 MP: 4/4
   692 | D:2      | XOM: give mutations
   692 | D:2      | Gained mutation: Your body sometimes deteriorates upon
                  | taking damage. [Xom's mischief]
   692 | D:2      | Gained mutation: You have an increased reservoir of magic.
                  | (+10% MP) [Xom's mischief]
   713 | D:2      | XOM: divination: detect creatures
   855 | D:3      | XOM: mild Conj miscast
   855 | D:3      | XOM: smoke on damage
   961 | D:3      | XOM: harmless Erth miscast
   965 | D:3      | Reached skill level 4 in Fighting
   966 | D:3      | Reached skill level 5 in Unarmed Combat
  1009 | D:3      | Reached XP level 6. HP: 38/63 MP: 5/5
  1175 | D:4      | XOM: god gift: 13 arrows
  1187 | D:5      | Entered Level 5 of the Dungeon
  1291 | D:5      | XOM: 1-stop teleportation journey
  1292 | D:5      | Noticed Eustachio
  1305 | D:5      | XOM: noise
  1310 | D:5      | Killed Eustachio
  1425 | D:5      | Reached skill level 6 in Unarmed Combat
  1433 | D:5      | Found Amiudwam's Antique Weapon Emporium.
  1450 | D:5      | Noticed Ijyb
  1451 | D:5      | Reached skill level 5 in Fighting
  1451 | D:5      | Reached XP level 7. HP: 72/72 MP: 6/6
  1458 | D:5      | Killed Ijyb
  1467 | D:5      | XOM: god gift: dull robe {god gift}
  1489 | D:5      | Got a dull robe {god gift}
  1500 | D:5      | Identified the +1 robe of Fun {Int+4 Stlth+} (Xom gifted it
                  | to you on level 5 of the Dungeon)
  1502 | D:5      | You fall through a shaft for 2 floors!
  1509 | D:7      | XOM: summons 3 friendly demons
  1523 | D:7      | Noticed a hippogriff
  1552 | D:7      | Killed a hippogriff
  1559 | D:7      | Reached skill level 7 in Unarmed Combat
  1577 | D:7      | Found a sacrificial altar of Ru.
  1616 | D:7      | XOM: give mutations
  1616 | D:7      | Gained mutation: You have very sharp teeth. [Xom's grace]
  1616 | D:7      | Gained mutation: You are surrounded by a mild repulsion
                  | field. (EV +2) [Xom's grace]
  1618 | D:7      | Noticed a hippogriff
  1625 | D:7      | Killed a hippogriff
  1625 | D:7      | Reached skill level 6 in Fighting
  1625 | D:7      | Reached XP level 8. HP: 66/83 MP: 7/7
  1679 | D:6      | XOM: stat loss: -1 Int (11/12)
  1680 | D:6      | XOM: fog
  1682 | D:6      | XOM: cast spell 'Summon Dragon'
  1743 | D:6      | Reached skill level 8 in Unarmed Combat
  1751 | D:6      | XOM: polymorph fire dragon -> ghost moth
  1778 | D:6      | XOM: cloud trail
  1813 | D:6      | Found a deep blue altar of Sif Muna.
  1883 | D:6      | Reached skill level 7 in Fighting
  1926 | D:7      | Found a staircase to the Ecumenical Temple.
  2018 | D:8      | XOM: confuse monster(s)
  2026 | D:8      | Reached XP level 9. HP: 61/93 MP: 8/8
  2161 | D:9      | Noticed a two-headed ogre
  2164 | D:9      | Noticed a glowing orange brain
  2164 | D:9      | a two-headed ogre changed into a glowing orange brain
  2178 | D:9      | Killed a glowing orange brain
  2178 | D:9      | Reached skill level 9 in Unarmed Combat
  2180 | D:9      | Reached skill level 8 in Fighting
  2227 | D:9      | XOM: potion effect (heal wounds)
  2228 | D:9      | XOM: polymorph wyvern -> acid dragon
  2258 | D:9      | Found a sparkling altar of Nemelex Xobeh.
  2275 | D:9      | Reached skill level 10 in Unarmed Combat
  2334 | D:9      | XOM: god gift: wand of clouds (5)
  2515 | D:10     | Entered Level 10 of the Dungeon
  2551 | D:11     | Reached skill level 9 in Fighting
  2551 | D:11     | Reached XP level 10. HP: 105/107 MP: 10/10
  2554 | D:11     | XOM: potion effect (heal wounds)
  2559 | D:11     | XOM: harmless Tmut miscast
  2561 | D:11     | XOM: harmless Necr miscast
  2565 | D:11     | XOM: swap monsters
  2567 | D:11     | Noticed a cyclops
  2573 | D:11     | XOM: chaos cloud
  2575 | D:11     | Paralysed by you for 7 turns
  2579 | D:11     | Noticed a centaur warrior
  2582 | D:11     | XOM: swap monsters
  2582 | D:11     | Slain by a cyclops

Levels and vault maps discovered:
D:1:      dpeg_chamrin_arrival_tetris, layout_basic
D:2:      minmay_razor_zed, layout_loops_ring, old_standard_altar,
          fedhas_altar_4, kennysheep_slug_shrine, first_ration, uniq_robin
D:3:      layout_rooms, uniq_grinder
D:4:      layout_basic, lemuel_crystal_altar, elyvilon_altar_3,
          eino_tiny_chamber
D:5:      layout_loops_corners, serial_shops, nicolae_shop_crystal, uniq_ijyb,
          uniq_eustachio
D:6:      layout_loops_ring, kennysheep_little_box,
          lemuel_zombie_altar_kikubaaqudgha
D:7:      layout_cave_pools, nicolae_overflow_crystal_walls, marbit_many_paths,
          temple_fountains, serial_shops, shop, uniq_prince_ribbit1
D:8:      layout_layer_cave
D:9:      layout_cave_pools, nemelex_xobeh_ov_fountains_minmay,
          hangedman_pestilent_swarm
D:10:     layout_cave_pools
D:11:     layout_cave_pools, grunt_lair_entry_orc_guard_hut, serial_shops, shop

Skill      XL: |  1  2  3  4  5  6  7  8  9 |
---------------+----------------------------+-----
Fighting       | 3 4 5 6 7 9 |  9.3
Unarmed Combat | 4 5 6 7 8 10 | 10.9
Dodging        | |  1.9

Action                   |  1- 3 |  4- 6 |  7- 9 | 10-12 || total
-------------------------+-------+-------+-------+-------++-------
Melee: Unarmed           |    75 |   150 |   160 |    16 ||   401
       Punch             |       |     4 |     6 |     1 ||    11
       Bite              |       |       |    21 |     2 ||    23
Evoke: Wand              |       |       |     3 |       ||     3
  Use: Potion            |       |       |     2 |       ||     2
       Scroll            |       |       |     3 |       ||     3
 Stab: Sleeping          |     1 |     3 |     1 |       ||     5
       Invisible         |       |       |     1 |       ||     1
       Confused          |       |       |     3 |       ||     3
  Eat: Chunk             |     7 |     6 |    16 |       ||    29
Armor: Robe              |    25 |    90 |    50 |       ||   165
       Skin              |       |       |     3 |     3 ||     6
Dodge: Dodged            |    18 |    73 |    79 |     6 ||   176

Table legend:
 A = Non-vault XP
 B = Vault XP
 C = Vault XP percentage of total XP
 D = Non-vault monster count
 E = Vault monster count
 F = Vault count percentage of total count
                 A         B        C        D         E       F
            +---------+---------+-------+---------+---------+-------
      Total |    6400 |     230 |   3.5 |     154 |      28 |  15.4
            +---------+---------+-------+---------+---------+-------
        D:1 |      33 |       0 |   0.0 |      18 |       0 |   0.0
        D:2 |     126 |      69 |  35.4 |      14 |      26 |  65.0
        D:3 |     219 |       0 |   0.0 |      23 |       0 |   0.0
        D:4 |      13 |       0 |   0.0 |       1 |       0 |   0.0
        D:5 |     158 |     161 |  50.5 |       7 |       2 |  22.2
        D:6 |     731 |       0 |   0.0 |      27 |       0 |   0.0
        D:7 |    1016 |       0 |   0.0 |      25 |       0 |   0.0
        D:8 |     762 |       0 |   0.0 |      10 |       0 |   0.0
        D:9 |    1710 |       0 |   0.0 |      21 |       0 |   0.0
       D:10 |     137 |       0 |   0.0 |       2 |       0 |   0.0
       D:11 |    1495 |       0 |   0.0 |       6 |       0 |   0.0
            +---------+---------+-------+---------+---------+-------
